NYP
BOISE HAWKS @ ROME BRAVES
06/26/2048
 
TOP OF THE 1ST
Boise Hawks batting - Pitching for Rome Braves : RHP Chris Hawkins
Pitching: RHP Chris Hawkins
Batting: SHB Clayton Saunders 0-0: Called Strike
0-1: Ball
1-1: Swinging Strike
1-2: Ball
2-2: Ball
3-2: Foul Ball, location: 2F
3-2: Base on Balls
Batting: RHB Carlos de Jesus 0-0: Ball
Clayton Saunders steals 2nd base (no throw)
1-0: Ball
2-0: Foul Ball, location: 2F
2-1: Foul Ball, location: 2F
2-2: Strikes out swinging
Batting: SHB Chris Besselman 0-0: Called Strike
Clayton Saunders steals 3rd base
0-1: Ball
1-1: Foul Ball, location: 2F
1-2: Ball
2-2: Ground out U3 (Groundball, 3, EV 85.0 MPH)
Batting: LHB Jason Ryan 0-0: Ball
1-0: Foul Ball, location: 2F
1-1: Ball
2-1: Swinging Strike
2-2: Foul Ball, location: 2F
2-2: Foul Ball, location: 2F
2-2: Foul Ball, location: 2F
2-2: Foul Ball, location: 2F
2-2: Ball
3-2: Foul Ball, location: 2F
3-2: Foul Ball, location: 2F
3-2: Ground out 6-3 (Groundball, 6MD, EV 86.2 MPH)
Top of the 1st over - 0 runs, 0 hits, 0 errors, 1 left on base; Boise 0 - Rome 0
BOTTOM OF THE 1ST
Rome Braves batting - Pitching for Boise Hawks : RHP D.J. Pedroza
Pitching: RHP D.J. Pedroza
Batting: RHB Rafael Reyes 0-0: Called Strike
0-1: Swinging Strike
0-2: Strikes out looking
Batting: RHB Chris Trites 0-0: Ground out 6-3 (Groundball, 6S, EV 79.4 MPH)
Batting: LHB Ricardo Sandoval 0-0: Ball
1-0: Ball
2-0: Called Strike
2-1: Foul Ball, location: 2F
2-2: Ball
3-2: Base on Balls
Batting: LHB Tamaichi Sasada 0-0: Called Strike
Ricardo Sandoval steals 2nd base
0-1: Ball
1-1: Called Strike
1-2: SINGLE (Groundball, 3D, EV 94.4 MPH)
Ricardo Sandoval to third
Runner from 3rd tries for Home, throw by RF and OUT! 9-2
Bottom of the 1st over - 0 runs, 1 hit, 0 errors, 1 left on base; Boise 0 - Rome 0
TOP OF THE 2ND
Boise Hawks batting - Pitching for Rome Braves : RHP Chris Hawkins
Batting: SHB Brad Madden 0-0: Ball
1-0: Called Strike
1-1: Swinging Strike
1-2: Foul Ball, location: 2F
1-2: Ball
2-2: Strikes out swinging
Batting: RHB Bob Hayes 0-0: Called Strike
0-1: Called Strike
0-2: Ground out 5-3 (Groundball, 56, EV 103.8 MPH)
Batting: LHB Jerry Santana 0-0: Called Strike
0-1: Foul Ball, location: 2F
0-2: Foul Ball, location: 2F
0-2: Ball
1-2: Ball
2-2: Ball
3-2: Strikes out looking
Top of the 2nd over - 0 runs, 0 hits, 0 errors, 0 left on base; Boise 0 - Rome 0
BOTTOM OF THE 2ND
Rome Braves batting - Pitching for Boise Hawks : RHP D.J. Pedroza
Batting: SHB Karl Starnes 0-0: SINGLE (Flyball, 6MD, EV 92.5 MPH)
Batting: RHB Costantino Dolfini 0-0: Ball
1-0: Ball
2-0: SINGLE (Flyball, 7S, EV 89.4 MPH)
Karl Starnes to second
Batting: RHB Dave Pizarro 0-0: Swinging Strike
0-1: Swinging Strike
0-2: Ball
1-2: Ball
2-2: Foul Ball, location: 2F
2-2: Ball
3-2: Base on Balls
Karl Starnes to third
Costantino Dolfini to second
Batting: LHB Jason Herr 0-0: Ball
1-0: DOUBLE (Flyball, 7LM, EV 103.1 MPH)
Karl Starnes scores
Costantino Dolfini scores
Dave Pizarro to third
Batting: RHB Tony Cabrera 0-0: Ball
1-0: Ball
2-0: Ball
3-0: Called Strike
3-1: Base on Balls
Batting: RHB Rafael Reyes 0-0: Called Strike
0-1: Called Strike
0-2: Ball
1-2: Ball
2-2: Foul Ball, location: 2F
2-2: Ball
3-2: Foul Ball, location: 2F
3-2: Base on Balls
Dave Pizarro scores
Jason Herr to third
Tony Cabrera to second
Batting: RHB Chris Trites 0-0: Ball
1-0: Ball
2-0: Ball
3-0: Foul Ball, location: 2F
3-1: Foul Ball, location: 2F
3-2: Base on Balls
Jason Herr scores
Tony Cabrera to third
Rafael Reyes to second
Batting: LHB Ricardo Sandoval 0-0: DOUBLE (Line Drive, 3D, EV 98.8 MPH)
Tony Cabrera scores
Rafael Reyes scores
Chris Trites to third
Pitching: LHP Josh Alvarez
Batting: LHB Tamaichi Sasada 0-0: Ball
1-0: 3-RUN HOME RUN (Flyball, 9LD, EV 95.0 MPH), Distance : 369 ft
Batting: SHB Karl Starnes 0-0: Ball
1-0: Called Strike
1-1: Swinging Strike
1-2: Ground out 6-3 (Groundball, 6MS, EV 78.1 MPH)
Batting: RHB Costantino Dolfini 0-0: Called Strike
0-1: DOUBLE (Flyball, 8LXD, EV 94.4 MPH)
Batting: RHB Dave Pizarro 0-0: Ball
1-0: SINGLE (Groundball, 4MD, EV 105.6 MPH)
Costantino Dolfini to third
Batting: LHB Jason Herr 0-0: Ball
1-0: Fly out, F8 (Flyball, 8LD, EV 94.4 MPH)
Runner from 3rd tags up, SCORES, throw by CF
Batting: RHB Tony Cabrera 0-0: TRIPLE (Line Drive, 89XD, EV 107.5 MPH)
Dave Pizarro scores
Batting: RHB Rafael Reyes 0-0: Ball
1-0: Ball
2-0: Swinging Strike
2-1: Foul Ball, location: 2F
2-2: Ball
3-2: Foul Ball, location: 2F
3-2: Strikes out swinging
Bottom of the 2nd over - 11 runs, 8 hits, 0 errors, 1 left on base; Boise 0 - Rome 11
TOP OF THE 3RD
Boise Hawks batting - Pitching for Rome Braves : RHP Chris Hawkins
Batting: RHB Gashie Chimsima 0-0: Called Strike
0-1: Foul Ball, location: 2F
0-2: Ball
1-2: Foul Ball, location: 2F
1-2: Ball
2-2: Foul Ball, location: 2F
2-2: Foul Ball, location: 2F
2-2: Ball
3-2: Foul Ball, location: 2F
3-2: Strikes out swinging
Batting: RHB Aaron Burnet 0-0: Foul Ball, location: 2F
0-1: Ball
1-1: Ball
2-1: Ball
3-1: SINGLE (Groundball, 6MD, EV 95.6 MPH)
Batting: SHB Clayton Saunders 0-0: Called Strike
Aaron Burnet steals 2nd base (no throw)
0-1: Swinging Strike
0-2: Ball
1-2: Strikes out swinging
Batting: RHB Carlos de Jesus 0-0: Called Strike
0-1: Swinging Strike
0-2: Strikes out looking
Top of the 3rd over - 0 runs, 1 hit, 0 errors, 1 left on base; Boise 0 - Rome 11
BOTTOM OF THE 3RD
Rome Braves batting - Pitching for Boise Hawks : LHP Josh Alvarez
Batting: RHB Chris Trites 0-0: Swinging Strike
0-1: Fly out, F7 (Flyball, 78S, EV 87.5 MPH)
Batting: LHB Ricardo Sandoval 0-0: Ball
1-0: Ball
2-0: Ball
3-0: Called Strike
3-1: Base on Balls
Batting: LHB Tamaichi Sasada 0-0: Swinging Strike
0-1: Ball
Wild Pitch!
Ricardo Sandoval to second
1-1: Ground out U3 (Groundball, 3, EV 80.6 MPH)
Ricardo Sandoval to third
Batting: SHB Karl Starnes 0-0: Ball
1-0: Ball
2-0: SINGLE (Groundball, 4MD, EV 109.4 MPH)
Ricardo Sandoval scores
Batting: RHB Costantino Dolfini 0-0: Ball
1-0: Ball
2-0: Ball
3-0: Called Strike
3-1: Base on Balls
Karl Starnes to second
Batting: RHB Dave Pizarro 0-0: Ball
1-0: Ball
2-0: TRIPLE (Line Drive, 89XD, EV 112.5 MPH)
Karl Starnes scores
Costantino Dolfini scores
Pitching: RHP Don Carriere
Batting: LHB Jason Herr 0-0: Swinging Strike
0-1: Ground out 4-3 (Groundball, 4, EV 109.4 MPH)
Bottom of the 3rd over - 3 runs, 2 hits, 0 errors, 1 left on base; Boise 0 - Rome 14
TOP OF THE 4TH
Boise Hawks batting - Pitching for Rome Braves : RHP Chris Hawkins
Batting: SHB Chris Besselman 0-0: Called Strike
0-1: Ball
1-1: Ball
2-1: Ground out 6-3 (Groundball, 6, EV 81.2 MPH)
Batting: LHB Jason Ryan 0-0: Called Strike
0-1: Ball
1-1: Fly out, F7 (Flyball, 7S, EV 97.5 MPH)
Batting: SHB Brad Madden 0-0: Ball
1-0: Ball
2-0: DOUBLE (Line Drive, 9LM, EV 112.5 MPH)
Batting: RHB Bob Hayes 0-0: Called Strike
0-1: Foul Ball, location: 2F
0-2: Ball
1-2: Strikes out swinging
Top of the 4th over - 0 runs, 1 hit, 0 errors, 1 left on base; Boise 0 - Rome 14
BOTTOM OF THE 4TH
Rome Braves batting - Pitching for Boise Hawks : RHP Don Carriere
Batting: RHB Tony Cabrera 0-0: TRIPLE (Flyball, 89XD, EV 91.2 MPH)
Batting: RHB Rafael Reyes 0-0: Ball
1-0: Foul Ball, location: 2F
1-1: Fly out, F8 (Flyball, 8LD, EV 108.1 MPH)
Runner from 3rd tags up, SCORES, no throw by CF
Batting: RHB Chris Trites 0-0: Called Strike
0-1: Ground out 1-3 (Groundball, 34S, EV 68.8 MPH)
Batting: LHB Ricardo Sandoval 0-0: Called Strike
0-1: Ball
1-1: Ground out U3 (Groundball, 3, EV 81.9 MPH)
Bottom of the 4th over - 1 run, 1 hit, 0 errors, 0 left on base; Boise 0 - Rome 15
TOP OF THE 5TH
Boise Hawks batting - Pitching for Rome Braves : RHP Chris Hawkins
Batting: LHB Jerry Santana 0-0: Swinging Strike
0-1: Ball
1-1: Ball
2-1: Foul Ball, location: 2F
2-2: Strikes out swinging
Batting: RHB Gashie Chimsima 0-0: Fly out, F7 (Flyball, 78S, EV 85.6 MPH)
Batting: RHB Aaron Burnet 0-0: Called Strike
0-1: Swinging Strike
0-2: Strikes out swinging
Top of the 5th over - 0 runs, 0 hits, 0 errors, 0 left on base; Boise 0 - Rome 15
BOTTOM OF THE 5TH
Rome Braves batting - Pitching for Boise Hawks : RHP Don Carriere
Batting: LHB Tamaichi Sasada 0-0: Ball
1-0: Ball
2-0: Fly out, F8 (Flyball, 8LD, EV 96.2 MPH)
Batting: SHB Karl Starnes 0-0: Fly out, F5 (Popup, 5, EV 65.0 MPH)
Batting: RHB Costantino Dolfini 0-0: Ball
1-0: Ball
2-0: Ball
3-0: Base on Balls
Batting: RHB Dave Pizarro 0-0: Ball
1-0: Swinging Strike
1-1: Fielders Choice at 2nd, U4 (Groundball, 4M, EV 103.1 MPH)
Bottom of the 5th over - 0 runs, 0 hits, 0 errors, 1 left on base; Boise 0 - Rome 15
TOP OF THE 6TH
Boise Hawks batting - Pitching for Rome Braves : RHP Chris Hawkins
Pitching: RHP Marvin Rosas
Batting: SHB Clayton Saunders 0-0: Ground out 4-3 (Groundball, 4, EV 84.4 MPH)
Batting: RHB Carlos de Jesus 0-0: Swinging Strike
0-1: Ball
1-1: Ball
2-1: SINGLE (Groundball, 56D, EV 100.0 MPH)
Batting: SHB Chris Besselman 0-0: Ball
Carlos de Jesus steals 2nd base
1-0: Ground out 5-3 (Groundball, 5, EV 87.5 MPH)
Batting: LHB Jason Ryan 0-0: Fly out, F8 (Flyball, 8RM, EV 90.6 MPH)
Top of the 6th over - 0 runs, 1 hit, 0 errors, 1 left on base; Boise 0 - Rome 15
BOTTOM OF THE 6TH
Rome Braves batting - Pitching for Boise Hawks : RHP Don Carriere
Batting: LHB Jason Herr 0-0: Ball
1-0: Foul Ball, location: 2F
1-1: Called Strike
1-2: Foul Ball, location: 2F
1-2: Ground out U3 (Groundball, 34, EV 105.6 MPH)
Batting: RHB Tony Cabrera 0-0: Called Strike
0-1: Ball
1-1: Ground out 5-3 (Groundball, 56, EV 84.4 MPH)
Batting: RHB Rafael Reyes 0-0: Ball
1-0: Swinging Strike
1-1: Ball
2-1: Ground out U3 (Groundball, 34S, EV 82.5 MPH)
Bottom of the 6th over - 0 runs, 0 hits, 0 errors, 0 left on base; Boise 0 - Rome 15
TOP OF THE 7TH
Boise Hawks batting - Pitching for Rome Braves : RHP Marvin Rosas
Pinch Hitting: RHB Wei-fang Ping 0-0: Ball
1-0: Ball
2-0: SINGLE (Groundball, 56D, EV 106.2 MPH)
Batting: RHB Bob Hayes 0-0: Ball
1-0: Swinging Strike
1-1: Ball
2-1: Called Strike
2-2: Ball
3-2: Grounds into double play, 4-6-3 (Groundball, 4, EV 85.0 MPH)
Batting: LHB Jerry Santana 0-0: Ball
1-0: Foul Ball, location: 2F
1-1: Swinging Strike
1-2: Ball
2-2: Strikes out looking
Top of the 7th over - 0 runs, 1 hit, 0 errors, 0 left on base; Boise 0 - Rome 15
BOTTOM OF THE 7TH
Rome Braves batting - Pitching for Boise Hawks : RHP Don Carriere
Now at 1B: Wei-fang Ping
Pinch Hitting: RHB Alex Campos 0-0: Ball
1-0: SINGLE (Line Drive, 4MD, EV 96.2 MPH)
Pinch Hitting: RHB Gebre-Giorgios Wangondu 0-0: Called Strike
0-1: Called Strike
0-2: Ball
1-2: Foul Ball, location: 2F
1-2: Strikes out swinging
Batting: LHB Tamaichi Sasada 0-0: SINGLE (Groundball, 34D, EV 100.6 MPH)
Alex Campos to second
Runner from 2nd tries for 3rd, SAFE, throw by RF made to third
Batting: SHB Karl Starnes 0-0: Ball
1-0: Ball
2-0: Ball
3-0: Base on Balls
Tamaichi Sasada to second
Pitching: RHP Ricardo Roman
Batting: RHB Costantino Dolfini 0-0: Ball
1-0: Ball
2-0: Ball
3-0: Base on Balls
Alex Campos scores
Tamaichi Sasada to third
Karl Starnes to second
Batting: RHB Dave Pizarro 0-0: SINGLE (Line Drive, 56D, EV 95.6 MPH)
Tamaichi Sasada scores
Karl Starnes to third
Costantino Dolfini to second
Runner from 3rd tries for Home, SAFE, throw by LF to home
Batting: LHB Jason Herr 0-0: Ball
1-0: Ball
Passed Ball!
Costantino Dolfini to third
Dave Pizarro to second
2-0: Foul Ball, location: 2F
2-1: Ball
3-1: Base on Balls
Batting: RHB Tony Cabrera 0-0: Ball
1-0: Called Strike
1-1: Ball
2-1: Ball
3-1: Foul Ball, location: 2F
3-2: Grounds into double play, 5-4-3 (Groundball, 5, EV 75.6 MPH)
Bottom of the 7th over - 3 runs, 3 hits, 0 errors, 2 left on base; Boise 0 - Rome 18
TOP OF THE 8TH
Boise Hawks batting - Pitching for Rome Braves : RHP Marvin Rosas
Now at 2B: Rafael Reyes
Now at 3B: Alex Campos
Now at SS: Karl Starnes
Now in CF: Costantino Dolfini
Now in RF: Gebre-Giorgios Wangondu
Batting: RHB Gashie Chimsima 0-0: Called Strike
0-1: Ball
1-1: Called Strike
1-2: Ball
2-2: Foul Ball, location: 2F
2-2: Foul Ball, location: 2F
2-2: Strikes out swinging
Pinch Hitting: RHB Brent Montagano 0-0: Ball
1-0: Ball
2-0: Ground out 5-3 (Groundball, 56S, EV 85.6 MPH)
Batting: SHB Clayton Saunders 0-0: Foul Ball, location: 2F
0-1: Foul Ball, location: 2F
0-2: Ball
1-2: Strikes out looking
Top of the 8th over - 0 runs, 0 hits, 0 errors, 0 left on base; Boise 0 - Rome 18
BOTTOM OF THE 8TH
Rome Braves batting - Pitching for Boise Hawks : RHP Ricardo Roman
Now in CF: John Clark
Batting: RHB Rafael Reyes 0-0: Ball
1-0: DOUBLE (Line Drive, 89D, EV 101.9 MPH)
Pitching: RHP Jim Crooks
Batting: RHB Alex Campos 0-0: Called Strike
0-1: Ball
1-1: Foul Ball, location: 2F
1-2: Ball
Wild Pitch!
Rafael Reyes to third
2-2: Ball
3-2: Foul Ball, location: 2F
3-2: Fly out, F3 (Popup, 3D, EV 63.8 MPH)
Batting: RHB Gebre-Giorgios Wangondu 0-0: Called Strike
0-1: Ball
1-1: Fly out, F6 (Line Drive, 6D, EV 72.5 MPH)
Batting: LHB Tamaichi Sasada 0-0: Foul Ball, location: 2F
0-1: Foul Ball, location: 2F
0-2: Ground out U3 (Groundball, 3S, EV 80.6 MPH)
Bottom of the 8th over - 0 runs, 1 hit, 0 errors, 1 left on base; Boise 0 - Rome 18
TOP OF THE 9TH
Boise Hawks batting - Pitching for Rome Braves : RHP Marvin Rosas
Batting: RHB Carlos de Jesus 0-0: Ball
1-0: Swinging Strike
1-1: Foul Ball, location: 2F
1-2: Foul Ball, location: 2F
1-2: Ball
2-2: Foul Ball, location: 2F
2-2: Foul Ball, location: 2F
2-2: Strikes out swinging
Batting: SHB Chris Besselman 0-0: Called Strike
0-1: Swinging Strike
0-2: Foul Ball, location: 2F
0-2: Hit by Pitch
Pitching: RHP Matt Buxton
Batting: LHB Jason Ryan 0-0: Ball
1-0: Foul Ball, location: 2F
1-1: Ball
2-1: Called Strike
2-2: Foul Ball, location: 2F
2-2: Foul Ball, location: 2F
2-2: Strikes out swinging
Pinch Hitting: RHB Dan Hoffman 0-0: Ball
1-0: SINGLE (Line Drive, 56D, EV 107.5 MPH)
Chris Besselman to second
Batting: RHB Bob Hayes 0-0: Ball
1-0: Swinging Strike
1-1: Called Strike
1-2: Strikes out swinging
Top of the 9th over - 0 runs, 1 hit, 0 errors, 2 left on base; Boise 0 - Rome 18
Tuesday, March 28th , 2023 - OOTP Baseball 23.10 Build 110